 Dungeon Crawl Stone Soup version 0.21-a0-450-gd87a9b2 (webtiles) character file.

70306 lunkers the Spry (level 14, -12/79 HPs)
             Began as a Spriggan Earth Elementalist on Nov 19, 2017.
             Was a High Priest of Vehumet.
             Mangled by an ettin
             ... wielding a +0 dire flail
              (22 damage)
             ... on level 1 of the Orcish Mines.
             The game lasted 00:51:34 (26558 turns).

lunkers the Spry (Spriggan Earth Elementalist)     Turns: 26558, Time: 00:51:35

Health: -12/79     AC: 10    Str:  4    XL:     14   Next: 93%
Magic:  21/43      EV: 37    Int: 38    God:    Vehumet [*****.]
Gold:   913        SH:  0    Dex: 16    Spells: 17/41 levels left

rFire    + . .     SeeInvis +   a - +1 arbalest of the Reaper {velocity, Int+8}
rCold    . . .     Gourm    .   (shield currently unavailable)
rNeg     + . .     Faith    .   K - +2 robe {Archmagi}
rPois    .         Spirit   .   T - +3 hat of Pondering {ponderous, MR+ MP+10 Int+5}
rElec    .         Reflect  .   H - +2 cloak
rCorr    .         Harm     .   (gloves unavailable)
MR       +++..                  (boots unavailable)
Stlth    +++++.....             X - amulet of Attitude {rF+ Regen+ Int+3}
HPRegen  0.63/turn              G - ring of positive energy
MPRegen  0.28/turn              B - +3 ring of evasion

@: about to teleport, very quick
A: unfitting armour, see invisible, herbivore 3, speed 3, slow metabolism 2
a: Renounce Religion


You were on level 1 of the Orcish Mines.
You worshipped Vehumet.
Vehumet was extremely pleased with you.
You were not hungry.

You visited 3 branches of the dungeon, and saw 19 of its levels.
You also visited: Sewer, Ice Cave and Volcano.

You collected 2202 gold pieces.
You spent 1289 gold pieces at shops.

Inventory:

Hand Weapons
 a - the +1 arbalest of the Reaper (weapon) {velocity, Int+8}
   (You found it on level 6 of the Dungeon)

   Any bolt fired from it inflicts extra damage.
   It affects your intelligence (+8).
Missiles
 b - 358 stones
 A - 100 bolts (quivered)
Armour
 H - a +2 cloak (worn)
 K - a +2 robe of the Archmagi (worn)
 T - the +3 hat of Pondering (worn) {ponderous, MR+ MP+10 Int+5}
   (You found it in an ice cave)

   It affects your intelligence (+5).
   It affects your resistance to hostile enchantments.
   It affects your magic capacity (+10).
Magical Staves
 W - an uncursed staff of cold
Jewellery
 c - an uncursed ring of ice
 v - an uncursed ring of protection from cold
 B - a +3 ring of evasion (right hand)
 G - a ring of positive energy (left hand)
 X - the amulet of Attitude (around neck) {rF+ Regen+ Int+3}
   (You bought it in a shop on level 2 of the Orcish Mines)

   [amulet of regeneration]

   It affects your intelligence (+3).
   It protects you from fire.
   It increases your rate of regeneration.
Wands
 f - a wand of acid (7/15)
 C - a wand of scattershot (2/9)
 D - a wand of flame (33/48)
 J - a wand of flame (28/48)
 R - a wand of paralysis (7/24)
 U - a wand of disintegration (9/24)
 Y - a wand of random effects (34/48)
Scrolls
 e - a scroll of enchant weapon
 i - 8 scrolls of remove curse
 q - 4 scrolls of teleportation
 u - 3 scrolls of enchant armour
 x - a scroll of amnesia
 y - 3 scrolls of recharging
 I - 5 scrolls of fog
 P - 5 scrolls of blinking
 Q - a scroll of fear
Potions
 g - a potion of heal wounds
 h - 3 potions of agility
 j - a potion of ambrosia {unknown}
 k - a potion of experience {unknown}
 l - 5 potions of lignification
 m - a potion of degeneration {unknown}
 n - 3 potions of resistance
 o - 5 potions of berserk rage
 p - 4 potions of haste
 r - a potion of invisibility {unknown}
 w - 3 potions of might
 z - 6 potions of curing
 E - a potion of mutation {unknown}
 F - 2 potions of flight {unknown}
 L - a potion of magic {unknown}
 M - 5 potions of brilliance
 N - a potion of cancellation {unknown}
Books
 t - a book of Conjurations

   Spells                             Type                      Level
   a - Magic Dart                     Conjuration                  1
   b - Searing Ray                    Conjuration                  2
   c - Dazzling Spray                 Conjuration/Hexes            3
   d - Fulminant Prism                Conjuration/Hexes            4
   e - Force Lance                    Conjuration/Translocation    4
   f - Iskenderun's Mystic Blast      Conjuration                  4
 O - a book of Clouds

   Spells                             Type                      Level
   a - Poisonous Vapours              Poison/Air                   2
   b - Mephitic Cloud                 Conjuration/Poison/Air       3
   c - Conjure Flame                  Conjuration/Fire             3
   d - Freezing Cloud                 Conjuration/Ice/Air          6
   e - Ring of Flames                 Charms/Fire                  7
 S - a Grand Grimoire

   Spells                             Type                      Level
   a - Monstrous Menagerie            Summoning                    7
   b - Summon Greater Demon           Summoning                    7
   c - Malign Gateway                 Summoning/Translocation      7
   d - Summon Horrible Things         Summoning                    8
 V - a book of Power

   Spells                             Type                      Level
   a - Iskenderun's Battlesphere      Conjuration/Charms           5
   b - Venom Bolt                     Conjuration/Poison           5
   c - Bolt of Magma                  Conjuration/Fire/Earth       5
   d - Iron Shot                      Conjuration/Earth            6
   e - Orb of Destruction             Conjuration                  7
   f - Spellforged Servitor           Conjuration/Summoning        7
Comestibles
 d - 14 bread rations
 s - 14 fruits


   Skills:
 - Level 11.1 Fighting
 + Level 19.8 Dodging
 - Level 10.2 Stealth
 - Level 14.2 Spellcasting
 - Level 2.0 Conjurations
 - Level 1.3 Transmutations
 - Level 11.0 Earth Magic


You had 17 spell levels left.
You knew the following spells:

 Your Spells              Type           Power        Failure   Level  Hunger
a - Stone Arrow           Conj/Erth      ######       1%          3    None
b - Passwall              Tmut/Erth      #######...   1%          2    None
d - Lee's Rapid Deconstr  Erth           ########..   1%          5    None
e - Conjure Flame         Conj/Fire      ######..     1%          3    None
f - Bolt of Magma         Conj/Fire/Erth ######....   1%          5    None
g - Iron Shot             Conj/Erth      #######...   4%          6    #......


Dungeon Overview and Level Annotations

Branches:
Dungeon (11/15)            Temple (0/1) D:7            Lair (6/6) D:9
  Swamp (0/4) Lair:4       Spider (0/4) Lair:3        Slime (0/5) Lair:6
    Orc (2/2) D:11            Elf (0/3) Orc:2

Altars:
Cheibriados
Gozag
Nemelex Xobeh
Okawaru
Ru
Vehumet
Wu Jian
Xom
Yredelemnul
Zin
The Shining One
Beogh
Jiyva

Shops:
D:6 (([:?   D:9 *   D:11 %   Orc:1 %   Orc:2 ?[[=

Annotations:
Lair:3 exclusion: 2 oklob plants
Lair:5 exclusion: oklob plant


Innate Abilities, Weirdness & Mutations

You are very small and have problems with some larger weapons.
You are too small for most types of armour.
You have supernaturally acute eyesight. (SInv)
You are a herbivore.
You cover ground extremely quickly.
You need consume almost no food.


Message History

The orc hits you.
* * * LOW HITPOINT WARNING * * *
The orc priest mumbles some strange prayers to Beogh against you.
Beogh smites you!
* * * LOW HITPOINT WARNING * * *
As you read the scroll of teleportation, it crumbles to dust.
You feel strangely unstable.
The orc priest mumbles some strange prayers to Beogh against you.
Beogh smites you!
* * * LOW HITPOINT WARNING * * *
Casting: Bolt of Magma
Confirm with . or Enter, or press ? or * to list all spells.
Aiming: Iron Shot
Press: ? - help, Shift-Dir - straight line, f - orc knight
Aim: an orc knight, wielding an enchanted war axe and wearing a plate armour (almost dead)
You feel a surge of power!
The iron shot hits the orc knight.
You kill the orc knight!
Vehumet accepts your kill.
You feel your power returning. The ettin hits you with a dire flail!!
You die...

#### ##..##
#..)@#
#####.oC##
##..##..##
#...)...#
##...##..##
#....##o..#
##..#..†..##
###.).)...#
##.))...#


You could see an ettin, an orc priest and an orc.

Vanquished Creatures
  An orc warlord (D:11)
  3 dire elephants (Lair:6)
  The ghost of Xavori the Black Belt, a journeyman OpCK of Xom (Lair:3)
  A fire dragon (Volcano)
  The ghost of djmy96 the Carver, a journeyman MiBe of Trog (IceCv)
  Erica (D:7)
  A catoblepas (Lair:6)
  The ghost of lunkers the Covert, a journeyman SpAs of Dithmenos (Lair:3)
  5 hydras
  The ghost of dang3rdave the Protected, a journeyman BaBe of Trog (D:10)
  An anaconda (Lair:6)
  5 two-headed ogres
  The ghost of RighteousDevil the Blocker, a novice MiFi of Wu Jian (D:8)
  The ghost of djmy96 the Spear-Bearer, a novice DrBe of Trog (D:9)
  5 orc high priests (Orc:2)
  The ghost of djmy96 the Carver, a novice FoFi of Okawaru (D:7)
  4 lindwurms (Lair:2)
  Pikel (D:8)
  A necromancer (IceCv)
  A wolf spider zombie (D:9)
  5 orc knights
  2 ugly things
  3 salamanders (Volcano)
  An orc sorcerer (Orc:2)
  6 elephants
  4 black mambas
  Maurice (D:8)
  A torpor snail (Lair:2)
  3 ice statues (IceCv)
  9 spiny frogs
  2 rime drakes
  5 komodo dragons
  7 ice devils (IceCv)
  2 trolls
  A queen bee (Lair:2)
  3 jumping spiders (Lair:3)
  2 polar bears
  Prince Ribbit (D:6)
  11 blink frogs
  11 hippogriffs
  A wraith (D:10)
  4 fire bats (Volcano)
  6 basilisks
  12 wyverns
  33 yaks
  Eustachio (D:5)
  3 steam dragons
  A soldier ant (D:9)
  9 wargs
  An acid dragon (D:11)
  8 porcupines
  14 water moccasins
  3 swamp worms (Lair:4)
  3 sky beasts
  26 orc warriors
  5 ice beasts
  A slave (D:8)
  3 centaurs
  2 phantoms
  3 black bears
  8 wolves
  15 ogres
  15 crocodiles
  12 bullfrogs
  A wyvern zombie (D:11)
  A wyvern skeleton (D:9)
  3 scorpions
  32 killer bees
  An electric eel (Lair:4)
  2 crimson imps (D:8)
  3 draconian simulacra (IceCv)
  19 orc wizards
  4 hounds
  3 jellies
  41 orc priests
  3 centaur skeletons
  11 worker ants
  5 iguanas
  2 troll simulacra (IceCv)
  3 spriggan simulacra (IceCv)
  A centaur simulacrum (IceCv)
  A worker ant zombie (D:8)
  10 adders
  20 gnolls
  A howler monkey skeleton (D:7)
  2 river rats (Sewer)
  A naga simulacrum (IceCv)
  3 shadow imps
  2 oozes
  4 worms
  A dart slug (D:1)
  4 leopard geckos
  126 orcs
  A ball python (D:5)
  7 giant cockroaches
  2 gnoll zombies (D:5)
  11 goblins
  6 hobgoblins
  2 jackals (D:8)
  3 quokkas
  2 ball python skeletons (D:4)
  3 bats (D:1)
  5 frilled lizards
  A giant cockroach zombie (D:5)
  4 kobolds
  7 rats
  A butterfly (D:7)
  A fungus (Lair:3)
  3 plants
675 creatures vanquished.

Vanquished Creatures (others)
  A slave (D:8)
  An ogre (D:8)
  5 fungi
  11 plants
18 creatures vanquished.

Grand Total: 693 creatures vanquished

Notes
Turn   | Place    | Note
-------+----------+-------------------------------------------
     0 | D:1      | lunkers the Spriggan Earth Elementalist began the quest for the Orb.
     0 | D:1      | Reached XP level 1. HP: 9/9 MP: 5/5
   208 | D:1      | Reached XP level 2. HP: 13/13 MP: 2/7
   660 | D:2      | Reached XP level 3. HP: 16/16 MP: 3/9
   664 | D:2      | Learned a level 2 spell: Passwall
   668 | D:2      | Learned a level 3 spell: Stone Arrow
   826 | D:2      | Found an iron altar of Okawaru.
  1257 | D:2      | Found a radiant altar of Vehumet.
  1460 | D:3      | Reached XP level 4. HP: 18/21 MP: 6/11
  1537 | D:3      | Found an opulent altar of Gozag.
  1538 | D:3      | Found a sparkling altar of Nemelex Xobeh.
  1676 | D:2      | Became a worshipper of Vehumet
  1839 | D:3      | Reached skill level 1 in Conjurations
  2328 | D:4      | Reached XP level 5. HP: 24/24 MP: 2/13
  2335 | D:4      | Learned a level 5 spell: Lee's Rapid Deconstruction
  2355 | D:4      | Found a snail-covered altar of Cheibriados.
  2393 | D:4      | Noticed an ogre
  2404 | D:4      | Killed an ogre
  2404 | D:4      | Reached skill level 5 in Spellcasting
  2696 | D:4      | Reached XP level 6. HP: 14/28 MP: 9/14
  2697 | D:4      | Reached * piety under Vehumet
  2697 | D:4      | Offered knowledge of Sting by Vehumet.
  3088 | D:5      | Entered Level 5 of the Dungeon
  3188 | D:5      | Found a glowing drain.
  3200 | Sewer    | Entered a sewer
  3300 | Sewer    | Noticed djmy96's ghost (amateur FoFi)
  3341 | D:5      | Noticed an ice beast
  3519 | D:5      | Killed an ice beast
  3519 | D:5      | Reached skill level 5 in Earth Magic
  3606 | D:5      | Noticed Eustachio
  3614 | D:5      | Killed Eustachio
  3614 | D:5      | Reached XP level 7. HP: 13/32 MP: 9/17
  4612 | D:5      | Found a basalt altar of Yredelemnul.
  4732 | D:5      | Reached XP level 8. HP: 36/36 MP: 3/18
  5117 | D:6      | Found a glowing golden altar of the Shining One.
  5165 | D:6      | Found Oroliock's Weapon Shop.
  5207 | D:6      | Found Nusedo Othrul's Armour Shop.
  5312 | D:6      | Noticed Prince Ribbit
  5380 | D:6      | Killed Prince Ribbit
  5380 | D:6      | Offered knowledge of Searing Ray by Vehumet.
  5447 | D:6      | Reached ** piety under Vehumet
  5528 | D:6      | Got a bloodstained arbalest
  5529 | D:6      | Identified the +1 arbalest of the Reaper {velocity, Int+8} (You found it on level 6 of the Dungeon)
  6352 | D:6      | Found Houcit's Magic Scroll Emporium.
  6499 | D:6      | Found Xian's Book Shoppe.
  6530 | D:6      | Found Plog's Weapon Boutique.
  6595 | D:6      | Found a shimmering altar of Xom.
  6798 | D:7      | Reached XP level 9. HP: 39/39 MP: 10/19
  6822 | D:7      | Reached skill level 10 in Earth Magic
  6864 | D:7      | Reached skill level 1 in Fighting
  6954 | D:7      | Reached skill level 4 in Dodging
  7047 | D:7      | Found a staircase to the Ecumenical Temple.
  7078 | D:7      | Offered knowledge of Conjure Flame by Vehumet.
  7295 | D:7      | Reached skill level 5 in Dodging
  7580 | D:7      | Reached *** piety under Vehumet
  7581 | D:7      | Found a sacrificial altar of Ru.
  7581 | D:7      | Noticed djmy96's ghost (novice FoFi)
  7616 | D:7      | Killed djmy96's ghost
  7616 | D:7      | Reached skill level 6 in Dodging
  7990 | D:8      | Reached skill level 5 in Fighting
  8011 | D:7      | Reached skill level 7 in Dodging
  8121 | D:8      | Noticed Erica
  8123 | D:8      | Noticed a green ugly thing
  8144 | D:7      | Killed Erica
  8144 | D:7      | Reached XP level 10. HP: 30/53 MP: 0/20
  8149 | D:7      | Learned a level 3 spell: Conjure Flame
  8274 | D:8      | Reached skill level 8 in Dodging
  8390 | D:8      | Noticed RighteousDevil's ghost (novice MiFi)
  8403 | D:8      | Killed RighteousDevil's ghost
  8628 | D:8      | Reached skill level 9 in Dodging
  8802 | D:8      | Noticed Maurice
  8804 | D:8      | Noticed Pikel
  8814 | D:8      | Killed Maurice
  8815 | D:8      | Killed Pikel
  8815 | D:8      | Offered knowledge of Dazzling Spray by Vehumet.
  8910 | D:8      | Killed a green ugly thing
  8910 | D:8      | Reached skill level 10 in Dodging
  9261 | D:9      | Noticed djmy96's ghost (novice DrBe)
  9271 | D:9      | Killed djmy96's ghost
  9271 | D:9      | Reached XP level 11. HP: 45/60 MP: 5/21
  9423 | D:9      | Found an ornate altar of the Wu Jian Council.
  9660 | D:9      | Noticed a two-headed ogre
  9682 | D:9      | Killed a two-headed ogre
  9682 | D:9      | Reached skill level 11 in Dodging
  9778 | D:9      | Found a staircase to the Lair.
  9848 | D:9      | Reached **** piety under Vehumet
 10107 | D:9      | Found Zin's Purification Station.
 10110 | D:9      | Found a glowing silver altar of Zin.
 10311 | D:9      | Got a steaming cloak
 10322 | D:9      | Identified the +0 cloak of Recklessness {rC+ Int-4 Dex+6 SInv} (You found it on level 9 of the Dungeon)
 10359 | Lair:1   | Entered Level 1 of the Lair of Beasts
 10664 | Lair:1   | Reached skill level 12 in Dodging
 10828 | Lair:1   | Offered knowledge of Venom Bolt by Vehumet.
 10923 | Lair:1   | Reached skill level 10 in Fighting
 11876 | Lair:2   | Reached XP level 12. HP: 69/69 MP: 13/22
 12057 | Lair:2   | Noticed an eight-headed hydra
 12068 | Lair:2   | Killed an eight-headed hydra
 12068 | Lair:2   | Reached skill level 13 in Dodging
 12379 | Lair:2   | You fall through a shaft for 2 floors!
 12638 | Lair:3   | Noticed Xavori's ghost (journeyman OpCK)
 12932 | Lair:2   | Reached skill level 14 in Dodging
 13451 | Lair:2   | Reached ***** piety under Vehumet
 13667 | Lair:2   | Offered knowledge of Yara's Violent Unravelling by Vehumet.
 13999 | Lair:2   | Reached skill level 15 in Dodging
 14016 | Lair:2   | Got a sapphire mace
 14571 | Lair:2   | Reached skill level 10 in Spellcasting
 14658 | Lair:2   | HP: 3/70 [lindwurm/blast of flame (23)]
 14776 | Lair:2   | Identified the cursed +1 mace of Duty {crush, rElec rC+++ Dex-3 SInv} (You found it on level 2 of the Lair of Beasts)
 15047 | Lair:3   | Found a hole to the Spider Nest.
 15168 | Lair:3   | Reached XP level 13. HP: 74/74 MP: 15/29
 15314 | Lair:3   | Noticed lunkers's ghost (journeyman SpAs)
 15330 | Lair:3   | Killed lunkers's ghost
 15446 | Lair:3   | Killed Xavori's ghost
 16920 | Lair:4   | Found a staircase to the Swamp.
 17398 | Lair:5   | Found a frozen archway.
 17406 | IceCv    | Entered an ice cave
 17406 | IceCv    | Noticed djmy96's ghost (journeyman MiBe)
 17425 | IceCv    | Killed djmy96's ghost
 18020 | IceCv    | Offered knowledge of Lightning Bolt by Vehumet.
 18737 | IceCv    | Found the +3 hat of Pondering {ponderous, MR+ MP+10 Int+5}
 19345 | Lair:6   | Entered Level 6 of the Lair of Beasts
 19601 | Lair:6   | Reached skill level 5 in Stealth
 19690 | Lair:6   | Found a viscous altar of Jiyva.
 19690 | Lair:6   | Found a staircase to the Slime Pits.
 20261 | D:6      | Bought a book of Power for 585 gold pieces
 20267 | D:6      | Learned a level 5 spell: Bolt of Magma
 20274 | D:6      | Learned a level 6 spell: Iron Shot
 20851 | Lair:6   | Reached skill level 16 in Dodging
 21259 | Lair:6   | Reached XP level 14. HP: 79/79 MP: 21/33
 21858 | D:10     | Entered Level 10 of the Dungeon
 22101 | D:10     | Noticed dang3rdave's ghost (journeyman BaBe)
 22127 | D:10     | Killed dang3rdave's ghost
 22689 | D:11     | Offered knowledge of Conjure Ball Lightning by Vehumet.
 22884 | D:11     | Found a roughly hewn altar of Beogh.
 22884 | D:11     | Found a staircase to the Orcish Mines.
 23301 | Orc:1    | Entered Level 1 of the Orcish Mines
 23301 | Orc:1    | Found Ganon's Food Emporium.
 23301 | Orc:1    | Noticed an orc warlord
 23458 | D:11     | Killed an orc warlord
 23458 | D:11     | Reached skill level 10 in Stealth
 23761 | Orc:1    | Found a dark tunnel.
 23842 | Volcano  | Entered a volcano
 23848 | Volcano  | Reached skill level 17 in Dodging
 24447 | Volcano  | Reached skill level 18 in Dodging
 24979 | Orc:2    | Entered Level 2 of the Orcish Mines
 24984 | Orc:2    | Offered knowledge of Bolt of Cold by Vehumet.
 25503 | Orc:2    | Reached skill level 19 in Dodging
 25688 | Orc:2    | Found Jeiniut's Armour Emporium.
 26122 | Orc:2    | Found a staircase to the Elven Halls.
 26180 | Orc:2    | Offered knowledge of Bolt of Fire by Vehumet.
 26264 | Orc:2    | Found Yddoceq's Jewellery Emporium.
 26264 | Orc:2    | Found Cuirat's Armour Boutique.
 26280 | Orc:2    | Bought the amulet of Attitude {rF+ Regen+ Int+3} for 704 gold pieces
 26365 | Orc:2    | Found a roughly hewn altar of Beogh.
 26376 | Orc:2    | Found Gokhaang's Magic Scroll Boutique.
 26558 | Orc:1    | Mangled by an ettin

Vault maps used:
D:1:      mrwooster_arrival_arrow
D:2:      okawaru_metal_pillars_3, vehumet_crystals
D:3:      grunt_temple_overflow_opulence
D:4:      kennysheep_little_box
D:5:      lemuel_zombie_altar_yredelemnul, cheibrodos_sewer_entry_bend,
          first_bread, uniq_eustachio
D:6:      kennysheep_mini, basic_altar, serial_shops, nicolae_shop_statue_plus,
          nicolae_shop_temple_entry_statues_fountains, nicolae_shop_trees, shop,
          nicolae_shop_statue_plus, uniq_prince_ribbit1
D:7:      old_standard_altar, minmay_temple_entry_butterflies
D:8:      uniq_pikel, uniq_erica, uniq_maurice
D:9:      nicolae_overflow_crystal_walls, zin_purify, david_lair_generic
D:10:     grunt_ogre_cave, bh_walls_and_bars
D:11:     david_orc_5, basic_loot_grate_trap
Lair:2:   regret_index_combs_of_tragedy, minmay_lindwurm_lava
Lair:3:   spider_nest_entry_a, grunt_megastairs_3, serial_bayou_shore_a,
          minmay_lair_oklob_chamber
Lair:4:   nicolae_swamp_entry_splash_gauntlet, minivault_19
Lair:5:   portal_ice_cave_entry_pillars_1, grunt_megastairs_2
Lair:6:   due_jungle_book, dpeg_slime_entry_enclosed_altar, lemuel_fruit_fields
Orc:1:    cheibrodos_orc_arena, serial_shops, shop, enter_volcano_4,
          bloody_makhleb
Orc:2:    st_orc_town
Sewer:    sewer_kobolds
IceCv:    ice_cave_tombish
Volcano:  pf_volcano_lost_world

Skill      XL: |  1  2  3  4  5  6  7  8  9 10 11 12 13 14 |
---------------+-------------------------------------------+-----
Spellcasting   | 3 4 5 6 11 14 | 14.2
Earth Magic    | 3 4 5 7 9 10 11 | 11.0
Conjurations   | 1 2 |  2.0
Fighting       | 6 8 10 11 | 11.1
Dodging        | 7 10 12 15 16 19 | 19.8
Stealth        | 7 10 | 10.2
Transmutations | |  1.3

Action                   |  1- 3 |  4- 6 |  7- 9 | 10-12 | 13-15 || total
-------------------------+-------+-------+-------+-------+-------++-------
Melee: Unarmed           |    10 |       |       |       |       ||    10
 Fire: Arbalest          |       |       |    42 |   222 |   194 ||   458
Throw: Stone             |     4 |       |       |       |       ||     4
 Cast: Sandblast         |    70 |    85 |    11 |     9 |     3 ||   178
       Stone Arrow       |       |       |   152 |   322 |   458 ||   932
       Conjure Flame     |       |       |       |    24 |     4 ||    28
       Lee's Rapid Decon |       |       |       |     4 |    67 ||    71
       Iron Shot         |       |       |       |       |    64 ||    64
       Bolt of Magma     |       |       |       |       |     5 ||     5
Evoke: Wand              |       |       |       |       |     8 ||     8
  Use: Scroll            |       |       |     8 |    13 |     8 ||    29
       Potion            |       |       |       |     1 |       ||     1
  Eat: Royal jelly       |       |       |     1 |     2 |     3 ||     6
       Bread ration      |       |       |     1 |       |       ||     1
       Fruit             |       |       |       |     1 |     9 ||    10
Armor: Robe              |     1 |     1 |     5 |    15 |    29 ||    51
Dodge: Dodged            |    22 |    18 |    75 |   315 |   437 ||   867

Table legend:
 A = Spawn XP
 B = Non-spawn XP
 C = Spawn XP percentage of total XP
 D = Spawn monster count
 E = Non-spawn monster count
 F = Spawn count percentage of total count
 G = Total turns spent on level
                    A         B        C        D         E        F      G
               +---------+---------+-------+---------+---------+-------+---------
         Total |       0 |  100438 |   0.0 |       0 |     669 |   0.0 | 26558
               +---------+---------+-------+---------+---------+-------+---------
           D:1 |       0 |      36 |   0.0 |       0 |      18 |   0.0 |   557
           D:2 |       0 |      36 |   0.0 |       0 |      15 |   0.0 |   840
           D:3 |       0 |      68 |   0.0 |       0 |      15 |   0.0 |   847
           D:4 |       0 |     392 |   0.0 |       0 |      21 |   0.0 |  1172
           D:5 |       0 |    1091 |   0.0 |       0 |      27 |   0.0 |  2241
           D:6 |       0 |     919 |   0.0 |       0 |      20 |   0.0 |   970
           D:7 |       0 |    3809 |   0.0 |       0 |      38 |   0.0 |  1675
           D:8 |       0 |    3767 |   0.0 |       0 |      25 |   0.0 |   809
           D:9 |       0 |    4762 |   0.0 |       0 |      35 |   0.0 |  1334
          D:10 |       0 |    2118 |   0.0 |       0 |      23 |   0.0 |   790
          D:11 |       0 |    6418 |   0.0 |       0 |      48 |   0.0 |   883
        Lair:1 |       0 |    5984 |   0.0 |       0 |      28 |   0.0 |  1439
        Lair:2 |       0 |   15401 |   0.0 |       0 |      75 |   0.0 |  3112
        Lair:3 |       0 |    7010 |   0.0 |       0 |      23 |   0.0 |  1788
        Lair:4 |       0 |    1990 |   0.0 |       0 |      13 |   0.0 |   865
        Lair:5 |       0 |    3645 |   0.0 |       0 |      15 |   0.0 |  1156
        Lair:6 |       0 |   14723 |   0.0 |       0 |      30 |   0.0 |  1511
         Orc:1 |       0 |    3885 |   0.0 |       0 |      39 |   0.0 |   910
         Orc:2 |       0 |    9809 |   0.0 |       0 |     108 |   0.0 |  1207
         Sewer |       0 |      29 |   0.0 |       0 |       4 |   0.0 |   133
         IceCv |       0 |    5754 |   0.0 |       0 |      22 |   0.0 |  1409
       Volcano |       0 |    8792 |   0.0 |       0 |      27 |   0.0 |   910
               +---------+---------+-------+---------+---------+-------+---------
